 Dungeon Crawl Stone Soup version 0.24-a0-412-ge138f7edaf (webtiles) character file.

Game seed: 10428093452918961132

83 Ijustatesigmund the Cudgeler (level 4, 0/33 HPs)
             Began as an Octopode Fighter on June 6, 2019.
             Succumbed to an adder's poison
             ... on level 3 of the Dungeon.
             The game lasted 00:03:03 (1899 turns).

Ijustatesigmund the Cudgeler (Octopode Fighter)     Turns: 1899, Time: 00:03:03

Health: 0/33       AC:  1    Str: 15    XL:     4   Next: 44%
Magic:  4/4        EV: 17    Int: 10    God:
Gold:   80         SH:  9    Dex: 17    Spells: 3/3 levels left

rFire    . . .     SeeInvis .   a - +0 flail
rCold    . . .     Gourm    .   b - +0 shield
rNeg     . . .     Faith    .   (helmet restricted)
rPois    .         Spirit   .   (no amulet)
rElec    .         Reflect  .   (no ring)
rCorr    .         Harm     .   (no ring)
MR       .....                  (no ring)
Stlth    ++++......             (no ring)
HPRegen  0.11/turn              (no ring)
MPRegen  0.09/turn              (no ring)
                                (no ring)
                                (no ring)

@: agile, lethally poisoned (0 -> -3), hasted, very quick
A: almost no armour, stealthy swim, amphibious, 8 rings, constrict 8, camouflage
1, gelatinous body 1
a: no special abilities


You were on level 3 of the Dungeon.
You were very hungry.

You visited 1 branch of the dungeon, and saw 3 of its levels.

You collected 80 gold pieces.

Inventory:

Hand Weapons
 a - a +0 flail (weapon)
Missiles
 e - 5 silver javelins (quivered)
Armour
 b - a +0 shield (worn)
Jewellery
 h - an uncursed amulet of faith {unknown}
 j - an uncursed amulet of the gourmand {unknown}
 n - an uncursed ring of see invisible {unknown}
Scrolls
 l - a scroll of fear {unknown}
 o - a scroll of blinking {unknown}
 p - a scroll of amnesia {unknown}
 q - a scroll of enchant weapon {unknown}
 r - a scroll of magic mapping {unknown}
 t - a scroll of identify
 u - 2 scrolls of remove curse
Potions
 c - a potion of might
 g - a potion of berserk rage {unknown}
 k - a potion of resistance {unknown}
 s - a potion of invisibility {unknown}
 v - a potion of lignification {unknown}
Comestibles
 d - 7 rations


   Skills:
 + Level 3.7 Fighting
 * Level 3.9 Maces & Flails
 - Level 3.0 Dodging
 - Level 3.0 Shields


You had 3 spell levels left.
You didn't know any spells.
Your spell library was empty.

Dungeon Overview and Level Annotations

Branches:
Dungeon (3/15)

Altars:
Dithmenos
Qazlal


Innate Abilities, Weirdness & Mutations

You cannot wear most types of armour.
You are very stealthy in the water. (Stealth+)
You are amphibious.
You can wear up to eight rings at the same time.
You can use your tentacles to constrict eight enemies at once.
Your skin changes colour to match your surroundings (Stealth+).
Your rubbery body absorbs attacks. (AC +1, EV +1)


Message History

Things that are here:
a +0 club; a chunk of flesh; a jackal skeleton
Found an escape hatch in the floor.
A jackal comes into view.
An adder comes into view.
The adder hisses angrily.
The adder bites you.
* * * LOW HITPOINT WARNING * * *
You are lethally poisoned!
The adder poisons you!
Found a scroll of identify.
* * * LOW HITPOINT WARNING * * *
You feel sick. The jackal closely misses you.
It was a potion of agility.
You feel agile all of a sudden. The jackal bites you.
* * * LOW HITPOINT WARNING * * *
A rat comes into view.
There is a shaft here.
You die...

##).# #.# #..# ..
#..###.>. ..
#r....... .
#.#####.. ###. #.#
#...### #.#
..#.....####.#
.......@.^h#.#####.
.#.####.##.S..?.....
...####.#####..
..r... ..# #.#.##..
... # #. .......## #
#.###### #.#


You could see an adder, a jackal and a rat (wandering).

Vanquished Creatures
  Ijyb (D:3)
  3 dart slugs
  A leopard gecko (D:2)
  2 bats
  2 giant cockroaches
  7 goblins
  5 hobgoblins
  10 jackals
  A quokka (D:2)
  A ball python (D:3)
  4 frilled lizards
  6 kobolds
  3 rats (D:1)
46 creatures vanquished.

Vanquished Creatures (others)
  A jackal (D:3)
1 creature vanquished.

Grand Total: 47 creatures vanquished

Notes
Turn   | Place    | Note
-------+----------+-------------------------------------------
     0 | D:1      | Ijustatesigmund the Octopode Fighter began the quest for
                  | the Orb.
     0 | D:1      | Reached XP level 1. HP: 16/16 MP: 1/1
   167 | D:1      | Reached XP level 2. HP: 21/21 MP: 2/2
   323 | D:1      | You fall into a shaft and drop 1 floor!
   498 | D:1      | Reached XP level 3. HP: 19/26 MP: 3/3
  1326 | D:2      | Found a stormy altar of Qazlal.
  1327 | D:2      | Noticed an earth elemental
  1328 | D:2      | Noticed an air elemental
  1329 | D:2      | Noticed a water elemental
  1329 | D:2      | Noticed a fire elemental
  1860 | D:3      | Found a shadowy altar of Dithmenos.
  1868 | D:3      | Noticed Ijyb
  1872 | D:3      | Reached XP level 4. HP: 25/32 MP: 4/4
  1879 | D:3      | Killed Ijyb
  1896 | D:3      | HP: 1/33 [jackal (1)]
  1899 | D:3      | Succumbed to an adder's poison

Levels and vault maps discovered:
D:1:      evilmike_arrival_rings, layout_loops_ring
D:2:      layout_loops_corners, nicolae_qazlal_style_of_elements
D:3:      layout_loops_ring, grunt_dithmenos_smoke_and_mirrors,
          nicolae_ru_awakened_eye, uniq_ijyb

Skill      XL: |  1  2 |
---------------+-------+-----
Maces & Flails | 3 |  3.9
Fighting       | |  3.7
Dodging        | |  3.0
Shields        | |  3.0

Action                   |  1- 3 |  4- 6 || total
-------------------------+-------+-------++-------
Melee: Flail             |    73 |     9 ||    82
       Constrict         |    25 |     2 ||    27
       Tentacles         |    16 |     3 ||    19
  Use: Scroll            |     2 |       ||     2
       Potion            |     1 |     3 ||     4
 Stab: Sleeping          |     9 |       ||     9
  Eat: Chunk             |     2 |       ||     2
Armor: Skin              |     4 |     1 ||     5
Dodge: Dodged            |    28 |     7 ||    35
Block: Shield            |    35 |     2 ||    37

Table legend:
 A = Non-vault XP
 B = Vault XP
 C = Vault XP percentage of total XP
 D = Non-vault monster count
 E = Vault monster count
 F = Vault count percentage of total count
                 A         B        C        D         E       F
            +---------+---------+-------+---------+---------+-------
      Total |      84 |      35 |  29.4 |      45 |       1 |   2.2
            +---------+---------+-------+---------+---------+-------
        D:1 |      36 |       0 |   0.0 |      19 |       0 |   0.0
        D:2 |      35 |       0 |   0.0 |      18 |       0 |   0.0
        D:3 |      13 |      35 |  72.9 |       8 |       1 |  11.1
            +---------+---------+-------+---------+---------+-------
